[Event "Italian-ch Semifinal 2022"]
[Site "Acqui Terme"]
[Date "2022.06.18"]
[Round "8.10"]
[White "Pisacane, Pietro"]
[Black "Franciosi, Fausto"]
[Result "1-0"]
[ECO "E94"]
[WhiteElo "2138"]
[BlackElo "2204"]
[Annotator "TA"]
[PlyCount "79"]
[EventDate "2022.06.15"]
[EventType "swiss"]
[EventCountry "ITA"]
[SourceTitle "playchess.com"]
[Source "ChessBase"]
[SourceQuality "1"]
[TimeControl "40/5400+30:1800+30"]

1. d4 Nf6 2. c4 g6 3. Nc3 Bg7 4. e4 d6 5. Nf3 O-O 6. Be2 e5 7. O-O Nbd7 8. Be3 Ng4 9. Bg5 f6 10. Bh4 g5 11. Bg3 Nh6 $1 {[%emt 0:02:58] E94: King's Indian: Classical: 6 Be2 e5 7 0-0: Various Black 7th moves.} 12. dxe5 (12. Qd2 {keeps more tension.} g4 13. Nh4 exd4 14. Qxd4 f5 15. Qd5+) 12... dxe5 {[%emt 0:05:53] [#]} 13. Qc2 $146 ({Predecessor:} 13. b4 Kh8 14. c5 a5 15. Qa4 c6 16. Rac1 Qe7 17. Nd2 f5 18. exf5 Nxf5 19. Nce4 {½-½ (90) Loiseau,Q (2406)-Le Corre,B (2300) Haguenau 2013}) 13... Nc5 {[%emt 0:19:40] White is slightly better.} 14. Rfd1 Qe8 15. Nd5 Ne6 16. c5 Kh8 17. h3 Ng8 18. Rac1 {[%emt 0:04:50] 0x0.00176352c87cdp-1022s more active pieces.} Ne7 19. b4 h5 20. b5 c6 21. Nxe7 Qxe7 22. a4 (22. bxc6 $1 $14 bxc6 23. Rd6) 22... Re8 23. bxc6 bxc6 24. Rd6 Kh7 (24... h4 $11 25. Bh2 Bf8) 25. Rcd1 (25. Rxc6 $6 g4 26. hxg4 hxg4 27. Rxe6 Bxe6 $15) (25. Bc4 $16) 25... Bf8 $14 26. Bxe5 fxe5 $11 27. Nxe5 Qg7 {[%emt 0:01:42][%csl LRd6,LRe5] Prevents Rd7.} (27... Nxc5 $2 28. Ng6 Qxd6 29. Rxd6 Bxd6 30. e5 $18) 28. Nxc6 {[%emt 0:01:18] [#] Threatens to win with e5+.} Bxd6 29. e5+ Kh8 $1 30. exd6 Bd7 31. Ne7 {[%emt 0:00:41] Strongly threatening c6.} Rxe7 (31... Rac8 $1 $14 32. c6 (32. Nxc8 Rxc8 33. Bb5 Rxc5 $11) 32... Rxe7 33. dxe7 Be8) 32. dxe7 $16 Qxe7 33. Qg6 (33. Qc3+ $16 Ng7 34. c6) 33... Nxc5 $2 {[%emt 0:01:35][%mdl 8192] Loses the game.} (33... Nf8 $14 34. Qh6+ (34. Qxh5+ Nh7 $14) 34... Nh7) 34. Qh6+ $18 Qh7 (34... Kg8 $2 {[#]} 35. Rxd7 $1 Qxd7 36. Bc4+ Ne6 37. Bxe6+ Qxe6 38. Qxe6+ $18) 35. Qxg5 Rc8 36. Rd6 Be6 $2 (36... Ne4 $2 37. Qe5+ Kg8 38. Qd5+ Qf7 39. Rg6+ Kf8 40. Qxe4 $18) (36... Ne6 37. Qf6+ (37. Qxh5 Rc1+ 38. Kh2 Qxh5 $15) 37... Kg8) 37. Rd8+ {[%emt 0:00:56] White is clearly winning.} Rxd8 38. Qxd8+ Bg8 39. Qd4+ Qg7 40. Qxc5 {[%emt 0:00:00] Weighted Error Value: White=0.19 (very precise) /Black=0.48} 1-0